 Dungeon Crawl Stone Soup version 0.29-a0-322-g68df515428 (webtiles) character file.

Game seed: 7586203190161972280

59 rabbitsville the Magician (level 4, -4/31 HPs)
             Began as a Djinni Fire Elementalist on Apr 8, 2022.
             Slain by Robin
             ... wielding a +0 trident
              (7 damage)
             ... on level 3 of the Dungeon.
             The game lasted 00:06:48 (1883 turns).

rabbitsville the Magician (DjFE)                    Turns: 1883, Time: 00:06:48

Health: -4/31      AC:  2    Str:  7    XL:     4   Next: 22%
Gold:   92         EV: 12    Int: 21    God:
                   SH:  0    Dex: 13

rFire   + + +      SeeInvis +   d - +2 hunting sling (freeze)
rCold   x . .      Faith    .   (no shield)
rNeg    . . .      Spirit   .   a - +0 robe
rPois   ∞          Reflect  .   (no helmet)
rElec   .          Harm     .   f - scarf {+Inv}
rCorr   .          Rampage  .   (no gloves)
Will    .....                   (boots unavailable)
Stlth   ++........              (no amulet)
HPRegen 0.00/turn               l - ring of see invisible
MPRegen 0.00/turn               o - ring of protection from fire

@: flying, inhibited regen
A: sickness immunity, fire resistance 2, cold vulnerability 1, float, innate
caster, HP casting, extra vitality 1, clever 1, inhibited regeneration
a: Evoke Invisibility


You were on level 3 of the Dungeon.
You visited 1 branch of the dungeon, and saw 3 of its levels.

You collected 92 gold pieces.

Inventory:

Hand Weapons
 d - a +2 hunting sling of freezing (weapon)
Armour
 a - a +0 robe (worn)
 e - a +4 chain mail
 f - a scarf of invisibility (worn)
Jewellery
 l - a ring of see invisible (left hand)
 o - a ring of protection from fire (right hand)
Scrolls
 b - 2 scrolls of magic mapping {unknown}
 g - 4 scrolls of teleportation {unknown}
 h - 2 scrolls of amnesia {unknown}
 k - a scroll of silence {unknown}
 p - a scroll of brand weapon {unknown}
 s - a scroll of identify {unknown}
 t - a scroll of enchant weapon {unknown}
Potions
 c - a potion of haste {unknown}
 i - a potion of flight {unknown}
 j - a potion of brilliance {unknown}
 m - a potion of lignification {unknown}
 n - 2 potions of mutation
 q - a potion of cancellation {unknown}
 r - a potion of resistance {unknown}


   Skills:
 + Level 1.0 Slings
 + Level 1.3 Armour
 - Level 2.1 Dodging
 - Level 1.5 Stealth
 * Level 3.2 Spellcasting


You couldn't memorise any spells.
You knew the following spells:

 Your Spells              Type           Power      Damage    Failure   Level
a - Foxfire               Conj/Fire      68%        2x1d7     3%          1
b - Scorch                Fire           34%        2d7       4%          2
c - Conjure Flame         Conj/Fire      17%        6-21      10%         3
d - Inner Flame           Hex/Fire       17%        N/A       10%         3
e - Flame Wave            Conj/Fire      17%        2d6       32%         4
f - Beastly Appendage     Tmut           34%        N/A       3%          1
Your spell library was empty.

Dungeon Overview and Level Annotations

Branches:
Dungeon (3/15)

Altars:

Annotations:
D:3 Robin


Innate Abilities, Weirdness & Mutations

You are immune to sickness and miasma.
You are immune to poison.
Your flesh is very heat resistant. (rF++)
You are vulnerable to cold. (rC-)
You float through the air rather than walking.
You learn spells naturally, not from books.
Your magical power is your life essence.
You have superior vitality. (+4 MHP)
Your mind is acute. (Int +2)
You do not regenerate when monsters are visible.


Message History

Press: ? - help, Q - select action, (/) - cycle Dir - look around, f - activate Look: a goblin, wielding a +0 club (strong) Flames lash the goblin.
You kill the goblin!
Robin throws the goblin at you! The goblin hits you with a +0 club. x2
Casting: Scorch (safe; 6% risk of failure)
Press: ? - help, Q - select action, (/) - cycle Dir - look around, f - activate Flames lash the goblin.
You kill the goblin!
The goblin closely misses you.
Casting: Scorch (safe; 6% risk of failure)
Press: ? - help, Q - select action, (/) - cycle Dir - look around, f - activate Flames lash the goblin.
You kill the goblin!
You hear a shout!
A goblin comes into view. It is wielding a +0 dagger.
Casting: Scorch (safe; 6% risk of failure)
Press: ? - help, Q - select action, (/) - cycle Dir - look around, f - activate Flames lash the hobgoblin.
The hobgoblin is moderately wounded.
The hobgoblin's fire resistance burns away.
The hobgoblin hits you.
A hobgoblin comes into view.
Casting: Scorch (safe; 6% risk of failure)
Press: ? - help, Q - select action, (/) - cycle Dir - look around, f - activate Flames lash the hobgoblin.
The hobgoblin is burned terribly!
You kill the hobgoblin!
* * * LOW HITPOINT WARNING * * *
Robin hits you from afar with a +0 trident.
* * * LOW HITPOINT WARNING * * *
A goblin comes into view. It is wielding a +0 dagger.
Robin throws the goblin at you!
* * * LOW HITPOINT WARNING * * *
The goblin hits you with a +0 dagger.
* * * LOW HITPOINT WARNING * * *
You see here a +0 club.
It was a potion of mutation.
You feel extremely strange.
You feel clever.
Your regeneration stops near monsters.
Robin hits you from afar with a +0 trident!
You die...

#..#..###.###..
#..#..# #.# #.. ###
#..#..###.###.. ..#
#.............. #g#
#.##(.......... #g#
#.###.###..#..# #g#
#.#........#...
#)###.#...###.##.##
#g@......## #....:.
#####.##.# ####...
#.##.# #### #.##.#
#.#..# #[#.## #.#.
#.#. #.#


You could see Robin, a hobgoblin (strong) and 2 goblins.

Vanquished Creatures
  2 adders (D:2)
  A worm (D:2)
  A dart slug (D:3)
  3 ball pythons
  6 bats
  4 endoplasms
  2 giant cockroaches (D:3)
  4 goblins
  2 hobgoblins (D:3)
  A quokka (D:3)
  3 frilled lizards
  5 kobolds
  2 rats (D:2)
36 creatures vanquished.

Vanquished Creatures (others)
  4 foxfires (D:1)
4 creatures vanquished.

Grand Total: 40 creatures vanquished

Notes
Turn   | Place    | Note
-------+----------+-------------------------------------------
     0 | D:1      | rabbitsville the Djinni Fire Elementalist began the quest
                  | for the Orb.
     0 | D:1      | Reached XP level 1. HP: 15/15 MP: 0/0
   170 | D:1      | Reached XP level 2. HP: 18/21 MP: 0/0
  1041 | D:2      | Reached skill level 3 in Spellcasting
  1041 | D:2      | Reached XP level 3. HP: 25/25 MP: 0/0
  1041 | D:2      | Learned a level 1 spell: Beastly Appendage
  1051 | D:2      | Reached skill level 1 in Armour
  1586 | D:3      | Reached XP level 4. HP: 31/31 MP: 0/0
  1650 | D:3      | Reached skill level 1 in Slings
  1779 | D:3      | Found a faded altar of an unknown god.
  1875 | D:3      | Noticed Robin
  1883 | D:3      | Gained mutation: Your mind is acute. (Int +2) [potion of
                  | mutation]
  1883 | D:3      | Gained mutation: You do not regenerate when monsters are
                  | visible. [potion of mutation]
  1883 | D:3      | Slain by Robin

Illustrated notes

Levels and vault maps discovered:
D:1:      shiori_shiawase, layout_basic
D:2:      layout_loops_ring
D:3:      layout_loops_ring, grunt_temple_overflow_opulence,
          hellmonk_ecumenical_altar_heavens_door, uniq_robin

Skill      XL: |  1  2  3  4 |
---------------+-------------+-----
Spellcasting   | 3 |  3.2
Armour         | 1 |  1.3
Slings         | 1 |  1.0
Dodging        | |  2.1
Stealth        | |  1.5

Action                   |  1- 3 |  4- 6 || total
-------------------------+-------+-------++-------
Melee: Unarmed           |     2 |       ||     2
 Fire: Hunting sling     |    68 |     5 ||    73
 Cast: Foxfire           |     2 |       ||     2
       Scorch            |     8 |     6 ||    14
  Use: Potion            |       |     1 ||     1
Armor: Chain mail        |    46 |       ||    46
       Robe              |     1 |       ||     1
Dodge: Dodged            |    15 |     2 ||    17

Table legend: (Time is in decaauts)
 A = Elapsed time spent in this place.
 B = Non-inter-level travel time spent in this place.
 C = Inter-level travel time spent in this place.
 D = Time resting spent in this place.
 E = Time spent auto-exploring this place.
 F = Levels seen in this place.
 G = Mean time per level.
                   A        B        C        D        E       F      G
               +--------+--------+--------+--------+--------+-----+--------+
         Total |   1954 |   1931 |     23 |     96 |   1478 |   3 |  651.3 |
       Dungeon |   1954 |   1931 |     23 |     96 |   1478 |   3 |  651.3 |
               +--------+--------+--------+--------+--------+-----+--------+

Top non-repeatable levels by time:
     D:2: 861 daAuts
     D:1: 727 daAuts
     D:3: 365 daAuts
